AoeStats
← Elmp5

Arabia

509463531Analyzed
1v1 RM · 4d ago on Sep 26, 2026· 40m 27s· 2 players
Game mode
Random Map
Map size
Tiny (2 player)
Population
200
Speed
Normal
Resources
Standard
Victory
Conquest
Starting age
Dark Age
Ending age
Imperial Age
RankedLock teamsTeams togetherTeam positionsShared explorationLock speedFull tech treeHidden civsTurbo modeCheats
Victory
Defeat
🇯🇵 Saxons · Japan
872
+16
🇨🇱 Italians · Chile
876
-16
teban0721
7:27 Loom
9:38 Feudal Age
9:43 Man-at-Arms
10:27 Double-Bit Axe
15:06 Fletching
16:57 Town Watch
17:51 Wheelbarrow
22:57 Castle Age
21:42 Scale Barding Armor
21:52 Bloodlines
21:28 Horse Collar
22:47 Forging
22:48 Gold Mining
23:52 Bow Saw
24:33 Crossbowman
28:31 Scale Mail Armor
32:42 Hand Cart
33:40 Stone Mining
34:27 Gold Shaft Mining
34:57 Heavy Plow
38:04 Imperial Age
35:55 Husbandry
35:16 Light Cavalry
35:38 Treadmill Crane
36:01 Padded Archer Armor
36:47 Bodkin Arrow
37:17 Chain Mail Armor
38:12 Ballistics
38:29 Iron Casting
38:10 Arbalester
38:56 Thumb Ring
38:53 Bracer
39:56 Chemistry
38:49 Cavalier
40:16 Crop Rotation
40:47 Two-Man Saw
39:48 Hussar
Elmp5
4:04 Loom
10:10 Feudal Age
16:47 Double-Bit Axe
22:54 Castle Age
20:59 Horse Collar
24:30 Heavy Plow
24:43 Bow Saw
24:49 Crossbowman
31:43 Town Watch
33:45 Wheelbarrow
33:25 Squires
32:46 Pikeman
37:25 Imperial Age
35:52 Ballistics
35:42 Thumb Ring
36:32 Hand Cart
37:02 Town Patrol
37:14 Arson
Connection lost

Rejoining the realm…

Still unreachable

The connection could not be restored.

Session expired

The server has moved on; the page needs a fresh start.